[ PARTIDA AOE2 · #506373870 ]
UnrankedMuiscas vs Ethiopians
Equipo del jugador · VICT
Equipo rival · DERR
[ ANÁLISIS DE REPETICIÓN · EXTRAÍDO DE LA PARTIDA GRABADA ]
Feudal
9:40
Castillos
13:47
Imperial
33:09
| APM promedio | 65.6 |
| APM pico | 106 |
| eAPM promedio | 41.0 |
| Aldeanos / militares | 161 / 109 |
Foco
⚔️ 61.5% · 🌾 38.5%
Unknown (2550) ×298 · Unknown (2562) ×246 · Spearman ×50 · Mangonel ×21 · Battering Ram ×12 · Monk ×10
Feudal
8:30
Castillos
22:22
Imperial
32:17
| APM promedio | 84.2 |
| APM pico | 134 |
| eAPM promedio | 47.0 |
| Aldeanos / militares | 337 / 591 |
Foco
⚔️ 52.8% · 🌾 47.2%
Scout Cavalry ×279 · Skirmisher ×146 · Archer ×127 · Bombard Cannon ×27 · Monk ×5 · Trebuchet (Packed) ×5
Mapa de la partida
Recursos iniciales + cada clic de construcción. Líneas = muros · curvas = relieve. ◆ oro · ⬟ piedra · ● bayas · ✦ reliquia · ◌ hueco del cierre
Tu base· ✓ Cerrada en 13:47 · 23t muro · 4 puerta(s)
Base de carbine· ✓ Cerrada en 22:22 · 6t muro · 4 puerta(s)
Terreno inicial suavizado · ◌ = hueco del cierre detectado · pasá el cursor para detalles
Inputs por minuto
— [LuB]myqbox - - carbine
Build order — [LuB]myqbox
Primeras 150 de 1165 acciones detectadas
| 0:00 | Crear | Villager (Male) |
| 0:00 | Crear | Villager (Male) |
| 0:02 | Construir | House |
| 0:05 | Construir | House |
| 0:14 | Crear | Villager (Male) |
| 0:30 | Crear | Villager (Male) |
| 1:25 | Crear | Villager (Male) |
| 1:58 | Crear | Villager (Male) |
| 2:24 | Crear | Villager (Male) |
| 2:30 | Construir | Settlement |
| 2:40 | Crear | Villager (Male) |
| 3:14 | Construir | House |
| 3:16 | Crear | Villager (Male) |
| 3:16 | Crear | Villager (Male) |
| 3:38 | Construir | Palisade Wall |
| 3:39 | Construir | Palisade Wall |
| 3:39 | Construir | Palisade Wall |
| 3:39 | Construir | Palisade Wall |
| 3:39 | Construir | Palisade Wall |
| 3:40 | Construir | Palisade Wall |
| 3:41 | Construir | Palisade Wall |
| 3:43 | Construir | Palisade Gate |
| 4:06 | Crear | Villager (Male) |
| 4:11 | Construir | Palisade Wall |
| 4:13 | Construir | Palisade Wall |
| 4:15 | Construir | Palisade Wall |
| 4:18 | Construir | Palisade Wall |
| 4:25 | Construir | Palisade Wall |
| 4:26 | Crear | Villager (Male) |
| 4:28 | Construir | Palisade Wall |
| 4:30 | Construir | Palisade Wall |
| 4:44 | Crear | Villager (Male) |
| 5:10 | Crear | Villager (Male) |
| 5:19 | Construir | Settlement |
| 5:33 | Crear | Villager (Male) |
| 6:00 | Crear | Villager (Male) |
| 6:27 | Crear | Villager (Male) |
| 7:01 | Crear | Villager (Male) |
| 7:22 | Investigar | Feudal Age |
| 7:22 | Investigar | Feudal Age |
| 8:30 | Construir | Farm |
| 9:03 | Crear | Villager (Male) |
| 9:03 | Investigar | Loom |
| 9:34 | Crear | Villager (Male) |
| 9:40 | Edad | Edad Feudal |
| 9:58 | Construir | Market |
| 10:15 | Construir | Stone Wall |
| 10:22 | Construir | Blacksmith |
| 10:23 | Crear | Villager (Male) |
| 10:38 | Construir | Stone Wall |
| 10:40 | Construir | Stone Wall |
| 11:07 | Investigar | Castle Age |
| 11:07 | Investigar | Castle Age |
| 11:11 | Construir | Stone Wall |
| 11:13 | Construir | Stone Wall |
| 11:25 | Construir | Stone Wall |
| 11:26 | Construir | Stone Wall |
| 11:26 | Construir | Stone Wall |
| 11:27 | Construir | Stone Wall |
| 11:48 | Construir | Stone Wall |
| 11:53 | Investigar | Double-Bit Axe |
| 11:53 | Investigar | Double-Bit Axe |
| 11:59 | Construir | Stone Wall |
| 12:14 | Construir | Settlement |
| 12:25 | Investigar | Horse Collar |
| 12:25 | Investigar | Horse Collar |
| 12:57 | Construir | Market |
| 13:20 | Investigar | Gold Mining |
| 13:46 | Crear | Villager (Male) |
| 13:47 | Edad | Edad de los Castillos |
| 13:50 | Construir | Siege Workshop |
| 13:54 | Construir | Siege Workshop |
| 14:00 | Crear | Villager (Male) |
| 14:24 | Crear | Villager (Male) |
| 14:27 | Crear | Mangonel |
| 14:55 | Construir | Farm |
| 14:56 | Crear | Villager (Male) |
| 15:13 | Construir | Farm |
| 15:25 | Crear | Mangonel |
| 15:29 | Crear | Villager (Male) |
| 15:31 | Construir | Farm |
| 15:45 | Crear | Villager (Male) |
| 16:17 | Construir | Farm |
| 16:18 | Crear | Villager (Male) |
| 16:53 | Crear | Villager (Male) |
| 17:17 | Crear | Scorpion |
| 17:17 | Crear | Villager (Male) |
| 17:42 | Crear | Villager (Male) |
| 18:09 | Crear | Scorpion |
| 18:32 | Construir | Monastery |
| 18:32 | Crear | Villager (Male) |
| 18:43 | Construir | House |
| 18:56 | Construir | Town Center |
| 19:04 | Construir | Farm |
| 19:13 | Construir | Farm |
| 19:13 | Construir | Farm |
| 19:14 | Construir | Farm |
| 19:14 | Construir | Farm |
| 19:20 | Construir | Gate |
| 19:23 | Crear | Villager (Male) |
| 19:28 | Construir | Farm |
| 19:38 | Crear | Monk |
| 19:51 | Construir | Farm |
| 19:53 | Construir | House |
| 19:59 | Construir | Farm |
| 20:00 | Crear | Villager (Male) |
| 20:07 | Crear | Monk |
| 20:07 | Crear | Villager (Male) |
| 20:10 | Construir | Farm |
| 20:10 | Construir | Farm |
| 20:10 | Construir | Farm |
| 20:10 | Construir | Farm |
| 20:11 | Construir | Farm |
| 20:26 | Crear | Villager (Male) |
| 20:26 | Crear | Villager (Male) |
| 20:38 | Construir | Farm |
| 20:44 | Construir | Outpost |
| 20:45 | Crear | Villager (Male) |
| 20:53 | Crear | Villager (Male) |
| 21:04 | Crear | Villager (Male) |
| 21:11 | Crear | Unit 2586 |
| 21:12 | Crear | Unit 2586 |
| 21:13 | Crear | Villager (Male) |
| 21:20 | Construir | Farm |
| 21:22 | Crear | Villager (Male) |
| 21:25 | Construir | Outpost |
| 21:25 | Crear | Villager (Male) |
| 21:37 | Crear | Villager (Male) |
| 21:48 | Crear | Unit 2586 |
| 21:51 | Crear | Villager (Male) |
| 21:55 | Construir | House |
| 21:56 | Construir | House |
| 21:56 | Construir | House |
| 22:09 | Construir | Farm |
| 22:10 | Construir | Farm |
| 22:10 | Construir | Farm |
| 22:15 | Investigar | Town Watch |
| 22:16 | Investigar | Town Watch |
| 22:16 | Crear | Villager (Male) |
| 22:29 | Crear | Villager (Male) |
| 23:05 | Construir | Outpost |
| 23:07 | Crear | Monk |
| 23:10 | Crear | Villager (Male) |
| 23:11 | Crear | Villager (Male) |
| 23:16 | Construir | Monastery |
| 23:17 | Crear | Villager (Male) |
| 23:19 | Construir | Barracks |
| 23:22 | Crear | Scorpion |
| 23:25 | Crear | Villager (Male) |
| 23:38 | Crear | Villager (Male) |
Build order — carbine
Primeras 150 de 1223 acciones detectadas
| 0:00 | Crear | Villager (Male) |
| 0:00 | Crear | Villager (Male) |
| 0:01 | Crear | Villager (Male) |
| 0:02 | Construir | House |
| 0:02 | Construir | House |
| 0:12 | Crear | Villager (Male) |
| 1:06 | Crear | Villager (Male) |
| 1:07 | Crear | Villager (Male) |
| 1:54 | Crear | Villager (Male) |
| 2:07 | Crear | Villager (Male) |
| 2:12 | Construir | Lumber Camp |
| 2:31 | Crear | Villager (Male) |
| 2:37 | Crear | Villager (Male) |
| 2:42 | Construir | Palisade Gate |
| 2:49 | Construir | Palisade Wall |
| 2:51 | Construir | Palisade Wall |
| 2:53 | Construir | Palisade Wall |
| 2:59 | Construir | Palisade Wall |
| 3:00 | Construir | Palisade Wall |
| 3:04 | Construir | Palisade Wall |
| 3:05 | Crear | Villager (Male) |
| 3:16 | Crear | Villager (Male) |
| 3:29 | Construir | House |
| 4:10 | Crear | Villager (Male) |
| 4:48 | Crear | Villager (Male) |
| 4:50 | Crear | Villager (Male) |
| 4:51 | Crear | Villager (Male) |
| 5:10 | Construir | Mill |
| 5:29 | Crear | Villager (Male) |
| 5:32 | Crear | Villager (Male) |
| 5:35 | Crear | Villager (Male) |
| 5:39 | Crear | Villager (Male) |
| 6:20 | Investigar | Feudal Age |
| 6:21 | Investigar | Feudal Age |
| 6:58 | Construir | Barracks |
| 7:33 | Crear | Villager (Male) |
| 7:56 | Crear | Villager (Male) |
| 7:59 | Construir | House |
| 8:22 | Crear | Villager (Male) |
| 8:30 | Edad | Edad Feudal |
| 8:31 | Construir | Watch Tower |
| 8:38 | Construir | Archery Range |
| 8:45 | Crear | Villager (Male) |
| 8:56 | Investigar | Double-Bit Axe |
| 9:01 | Crear | Villager (Male) |
| 9:18 | Crear | Villager (Male) |
| 9:28 | Crear | Archer |
| 9:29 | Crear | Archer |
| 9:29 | Crear | Archer |
| 9:29 | Crear | Archer |
| 9:33 | Crear | Villager (Male) |
| 9:41 | Construir | Mining Camp |
| 9:54 | Crear | Villager (Male) |
| 10:02 | Crear | Archer |
| 10:11 | Crear | Archer |
| 10:13 | Construir | House |
| 10:21 | Investigar | Town Watch |
| 10:44 | Crear | Villager (Male) |
| 10:46 | Crear | Villager (Male) |
| 10:47 | Crear | Villager (Male) |
| 11:01 | Crear | Villager (Male) |
| 11:04 | Construir | House |
| 11:07 | Crear | Villager (Male) |
| 11:08 | Crear | Archer |
| 11:17 | Crear | Villager (Male) |
| 11:36 | Construir | Blacksmith |
| 11:38 | Crear | Villager (Male) |
| 11:53 | Crear | Villager (Male) |
| 12:16 | Crear | Villager (Male) |
| 12:21 | Construir | Mining Camp |
| 12:22 | Crear | Archer |
| 12:31 | Crear | Villager (Male) |
| 12:33 | Crear | Villager (Male) |
| 12:35 | Construir | House |
| 12:46 | Crear | Villager (Male) |
| 12:53 | Construir | House |
| 12:54 | Crear | Archer |
| 12:55 | Crear | Archer |
| 13:07 | Construir | Watch Tower |
| 13:32 | Crear | Villager (Male) |
| 13:35 | Investigar | Fletching |
| 13:49 | Construir | Farm |
| 13:54 | Crear | Archer |
| 14:05 | Crear | Villager (Male) |
| 14:08 | Construir | Farm |
| 14:11 | Crear | Villager (Male) |
| 14:22 | Construir | Farm |
| 14:26 | Crear | Villager (Male) |
| 14:29 | Crear | Villager (Male) |
| 14:29 | Crear | Villager (Male) |
| 14:34 | Construir | House |
| 14:40 | Crear | Archer |
| 14:46 | Crear | Villager (Male) |
| 14:55 | Crear | Villager (Male) |
| 15:08 | Crear | Archer |
| 15:12 | Crear | Villager (Male) |
| 15:15 | Construir | House |
| 15:33 | Crear | Villager (Male) |
| 15:40 | Crear | Archer |
| 15:43 | Construir | Farm |
| 15:44 | Construir | Farm |
| 15:55 | Construir | House |
| 16:00 | Crear | Villager (Male) |
| 16:01 | Crear | Archer |
| 16:01 | Crear | Archer |
| 16:18 | Crear | Villager (Male) |
| 16:19 | Construir | Farm |
| 16:19 | Construir | Farm |
| 16:19 | Construir | Farm |
| 16:20 | Construir | Farm |
| 16:20 | Construir | Farm |
| 16:20 | Construir | Farm |
| 16:23 | Crear | Villager (Male) |
| 16:26 | Construir | House |
| 16:29 | Construir | Farm |
| 16:30 | Crear | Villager (Male) |
| 16:37 | Crear | Villager (Male) |
| 16:57 | Crear | Villager (Male) |
| 16:58 | Construir | House |
| 17:11 | Crear | Villager (Male) |
| 17:12 | Crear | Archer |
| 17:28 | Crear | Villager (Male) |
| 17:29 | Construir | Farm |
| 17:29 | Construir | Farm |
| 17:30 | Construir | Farm |
| 17:31 | Crear | Archer |
| 17:47 | Crear | Archer |
| 17:51 | Crear | Villager (Male) |
| 17:52 | Construir | Farm |
| 17:53 | Crear | Villager (Male) |
| 18:19 | Crear | Archer |
| 18:29 | Construir | Farm |
| 18:29 | Construir | Farm |
| 18:29 | Construir | Farm |
| 18:29 | Construir | Farm |
| 18:33 | Crear | Villager (Male) |
| 18:40 | Construir | Lumber Camp |
| 19:01 | Construir | Farm |
| 19:11 | Investigar | Loom |
| 19:14 | Crear | Villager (Male) |
| 19:41 | Investigar | Castle Age |
| 19:41 | Investigar | Castle Age |
| 19:43 | Construir | Stable |
| 19:55 | Investigar | Horse Collar |
| 19:55 | Investigar | Horse Collar |
| 20:22 | Crear | Scout Cavalry |
| 20:22 | Crear | Scout Cavalry |
| 20:24 | Construir | House |
| 20:31 | Construir | Farm |
| 20:35 | Crear | Archer |
Cronología de la partida
| 2:49 | carbine · wall_segment Palisade Wall x1 |
| 2:51 | carbine · wall_segment Palisade Wall x1 |
| 2:53 | carbine · wall_segment Palisade Wall x1 |
| 2:59 | carbine · wall_segment Palisade Wall x1 |
| 3:00 | carbine · wall_segment Palisade Wall x1 |
| 3:04 | carbine · wall_segment Palisade Wall x1 |
| 3:38 | [LuB]myqbox · wall_segment Palisade Wall x1 |
| 3:39 | [LuB]myqbox · wall_segment Palisade Wall x1 |
| 3:39 | [LuB]myqbox · wall_segment Palisade Wall x1 |
| 3:39 | [LuB]myqbox · wall_segment Palisade Wall x2 |
| 3:39 | [LuB]myqbox · wall_segment Palisade Wall x1 |
| 3:40 | [LuB]myqbox · wall_segment Palisade Wall x1 |
| 3:41 | [LuB]myqbox · wall_segment Palisade Wall x1 |
| 4:11 | [LuB]myqbox · wall_segment Palisade Wall x1 |
| 4:13 | [LuB]myqbox · wall_segment Palisade Wall x1 |
| 4:15 | [LuB]myqbox · wall_segment Palisade Wall x1 |
| 4:18 | [LuB]myqbox · wall_segment Palisade Wall x1 |
| 4:25 | [LuB]myqbox · wall_segment Palisade Wall x1 |
| 4:28 | [LuB]myqbox · wall_segment Palisade Wall x1 |
| 4:30 | [LuB]myqbox · wall_segment Palisade Wall x1 |
| 6:58 | carbine · first_building Barracks |
| 8:30 | carbine · age_up feudal |
| 8:38 | carbine · first_building Archery Range |
| 9:40 | [LuB]myqbox · age_up feudal |
| 10:15 | [LuB]myqbox · wall_segment Stone Wall x1 |
| 10:38 | [LuB]myqbox · wall_segment Stone Wall x1 |
| 10:40 | [LuB]myqbox · wall_segment Stone Wall x1 |
| 11:11 | [LuB]myqbox · wall_segment Stone Wall x1 |
| 11:13 | [LuB]myqbox · wall_segment Stone Wall x1 |
| 11:25 | [LuB]myqbox · wall_segment Stone Wall x1 |
| 11:26 | [LuB]myqbox · wall_segment Stone Wall x1 |
| 11:26 | [LuB]myqbox · wall_segment Stone Wall x1 |
| 11:27 | [LuB]myqbox · wall_segment Stone Wall x1 |
| 11:48 | [LuB]myqbox · wall_segment Stone Wall x1 |
| 11:59 | [LuB]myqbox · wall_segment Stone Wall x1 |
| 13:47 | [LuB]myqbox · age_up castle |
| 13:50 | [LuB]myqbox · first_building Siege Workshop |
| 18:32 | [LuB]myqbox · first_building Monastery |
| 19:43 | carbine · first_building Stable |
| 21:10 | [LuB]myqbox · first_market_buy 100 food |
| 22:22 | carbine · age_up castle |
| 22:24 | carbine · first_building Monastery |
| 23:19 | [LuB]myqbox · first_building Barracks |
| 25:41 | [LuB]myqbox · first_building Archery Range |
| 27:29 | carbine · first_building Siege Workshop |
| 31:04 | [LuB]myqbox · first_building Castle |
| 32:14 | carbine · first_building Castle |
| 32:17 | carbine · age_up imperial |
| 33:09 | [LuB]myqbox · age_up imperial |
| 33:42 | carbine · first_market_sell 100 stone |
| 38:20 | [LuB]myqbox · first_market_sell 500 food |
| 54:02 | carbine · wall_segment Stone Wall x1 |
| 61:07 | carbine · wall_segment Stone Wall x1 |
| 65:12 | [LuB]myqbox · wall_segment Palisade Wall x2 |
| 65:13 | [LuB]myqbox · wall_segment Palisade Wall x2 |
| 69:52 | carbine · first_market_buy 500 stone |
| 72:40 | carbine · resign |
[ ANÁLISIS IA · 1 CRÉDITO ]
¿Qué pasó realmente en esta partida?
Wolo.gg analiza cada decisión: build order, eco, micro, errores típicos por bracket. Análisis personalizado por WhatsApp o Discord en 30 segundos.
Guía civ
Muiscas
Perfil
Jugador #1334898